 Dungeon Crawl Stone Soup version 0.14-a0-40-g75911bd (webtiles) character file.

1148 Malachi the Insei (level 7, -5/53 HPs)
             Began as a Demigod Transmuter on Sept 28, 2013.
             Killed from afar by Edmund (12 damage)
             ... with a wand of flame
             ... on Level 5 of the Dungeon.
             The game lasted 00:14:40 (7833 turns).

Malachi the Insei (Demigod Transmuter)              Turns: 7833, Time: 00:14:41

HP  -5/53        AC  2     Str 14      XL: 7   Next: 37%
MP  15/18        EV 23     Int 20      God:
Gold 323         SH  0     Dex 22      Spells:  3 memorised,  6 levels left

Res.Fire  : . . .   See Invis. : .     - Unarmed
Res.Cold  : . . .   Warding    : .   c - melded +0 robe
Life Prot.: . . .   Conserve   : .   (shield currently unavailable)
Res.Poison: x       Res.Corr.  : .   (helmet currently unavailable)
Res.Elec. : .       Clarity    : .   (cloak currently unavailable)
Sust.Abil.: + .     Spirit.Shd : .   (gloves currently unavailable)
Res.Mut.  : .       Stasis     : .   (boots currently unavailable)
Res.Rott. : .       Flight     : .   (no amulet)
Saprovore : . . .                    j - ring of flight
                                     u - ring of sustain abilities

@: spider-form, quick, slightly resistant to hostile enchantments, fairly
stealthy
A: no striking features
a: End Transformation, Evoke Flight


You were on level 5 of the Dungeon.
You were not hungry.
You were in spider-form.
You visited 1 branch of the dungeon, and saw 5 of its levels.

You collected 303 gold pieces.

Inventory:

Hand weapons
 i - a +2,+1 short sword
 o - a +0,+0 orcish club
 z - a +0,+1 halberd
 I - a +0,+2 orcish dagger of venom
Missiles
 b - 48 arrows (quivered)
 n - 14 poisoned needles
 t - 10 arrows of frost
Armour
 c - a +0 robe (melded)
 h - the -4 robe of Poats {+Blink +Fly Stlth++}
   (You found it on level 4 of the Dungeon)

   It lets you fly.
   It lets you blink.
   It makes you much more stealthy.
Comestibles
 a - a bread ration
 p - 3 rotting chunks of orc flesh
 B - 3 meat rations
 D - 10 strawberries
 H - a rotting chunk of hobgoblin flesh
Scrolls
 e - 4 scrolls of remove curse
 g - a scroll of curse weapon {unknown}
 s - a scroll of random uselessness {unknown}
 w - a scroll of noise {unknown}
 x - a scroll of recharging {unknown}
 y - a scroll of blinking {unknown}
 E - a scroll of fog {unknown}
 F - a scroll of identify
 G - a scroll of curse jewellery {unknown}
Jewellery
 j - a ring of flight (right front leg)
 u - a ring of sustain abilities (left front leg)
 v - a cursed -2 ring of dexterity {unknown}
Potions
 k - 5 potions of curing
 l - a potion of might
 m - a potion of flight
 q - 2 potions of invisibility
 r - a potion of restore abilities
 C - a potion of agility
Books
 d - a book of Changes

   Spells                             Type                      Level
   *Beastly Appendage                 Transmutation                1
   *Sticks to Snakes                  Transmutation                2
   *Spider Form                       Transmutation/Poison         3
   Ice Form                           Ice/Transmutation            4
   Blade Hands                        Transmutation                5
 A - a book of the Warp

   Spells                             Type                      Level
   Recall                             Summoning/Translocation      3
   Control Teleport                   Charms/Translocation         4
   Phase Shift                        Translocation                5
   Warp Weapon                        Charms/Translocation         5
   Dispersal                          Translocation                6
   Controlled Blink                   Translocation                7
   Disjunction                        Translocation                8


   Skills:
 + Level 1.7 Fighting
 + Level 0.6 Short Blades
 + Level 3.9 Dodging
 + Level 0.8 Stealth
 * Level 5.2 Unarmed Combat
 + Level 3.2 Spellcasting
 * Level 4.0 Transmutations
 + Level 0.5 Poison Magic


You had 6 spell levels left.
You knew the following spells:

 Your Spells              Type           Power        Failure   Level  Hunger
a - Beastly Appendage     Trmt           ###...       10%         1    None
b - Sticks to Snakes      Trmt           ###.......   14%         2    ##.....
c - Spider Form           Trmt/Pois      ##........   36%         3    ###....


Dungeon Overview and Level Annotations

Branches:
Dungeon (5/27)             Temple (0/1) D:4

Annotations:
D:5 Edmund


Message History

Your scroll of teleportation catches fire!
* * * LOW HITPOINT WARNING * * *
Casting: Spider Form
Confirm with . or Enter, or press ? or * to list all spells.
You turn into a venomous arachnid creature.
Your +0 robe melds into your body.
Edmund zaps a wand.
The puff of flame misses you.
You hit the giant gecko.
The giant gecko is poisoned.
The giant gecko is heavily wounded.
The giant gecko closely misses you.
Edmund zaps a wand.
The puff of flame misses you.
You miss the giant gecko.
The giant gecko is heavily wounded.
The giant gecko misses you.
Edmund zaps a wand.
The puff of flame misses you.
You barely miss the giant gecko.
The giant gecko is heavily wounded.
The giant gecko barely misses you.
Edmund zaps a wand.
The puff of flame hits you!
One of your 5 scrolls of remove curse catches fire!
You die...

... #.### #.. #.# #...## ### #.#
###..# # #.# ###.#### #### #.#
#......# #... # #.# #......###
#... ...###.### #........####...
#....(.@#########......#........
#####.#........sl......######...
#.###########......# #... #.#
#......# #### #.# ###.#### ##@#
#.# #..# ####.# ###)##### #....#
#......># #.#### #.......#
###.######


You could see Edmund and a giant gecko.

Vanquished Creatures
  Grinder (D:3)
  A phantom (D:4)
  A crimson imp (D:5)
  A hound (D:4)
  An iguana (D:4)
  2 orc wizards (D:5)
  2 orc priests
  2 worker ants (D:4)
  6 adders
  6 gnolls
  2 giant mites
  A worm (D:4)
  5 giant geckos
  2 oozes (D:1)
  9 orcs
  9 bats
  5 giant cockroaches
  11 hobgoblins
  8 jackals
  14 kobolds
  5 quokkas
  2 ball pythons (D:2)
  4 giant newts
  7 goblins
  A hobgoblin skeleton (D:4)
  9 rats
117 creatures vanquished.

Vanquished Creatures (collateral kills)
  An adder (D:2)
  A worm (D:1)
  2 hobgoblins (D:1)
4 creatures vanquished.

Grand Total: 121 creatures vanquished

Notes
Turn   | Place    | Note
--------------------------------------------------------------
     0 | D:1      | Malachi, the Demigod Transmuter, began the quest for the Orb.
     0 | D:1      | Reached XP level 1. HP: 16/16 MP: 3/3
   346 | D:1      | Reached skill level 3 in Unarmed Combat
   346 | D:1      | Reached XP level 2. HP: 14/23 MP: 5/5
  1222 | D:1      | Reached XP level 3. HP: 24/28 MP: 7/7
  1341 | D:1      | Learned a level 2 spell: Sticks to Snakes
  2084 | D:2      | HP: 1/28 [adder (2)]
  2091 | D:2      | Reached skill level 1 in Fighting
  3199 | D:3      | Reached XP level 4. HP: 2/35 MP: 8/10
  3535 | D:3      | Noticed Grinder
  3545 | D:3      | HP: 1/35 [gnoll/halberd (3)]
  4167 | D:2      | Learned a level 3 spell: Spider Form
  4878 | D:2      | Reached XP level 5. HP: 25/40 MP: 7/12
  5608 | D:3      | Paralysed by Grinder for 2 turns
  5622 | D:3      | Killed Grinder
  5622 | D:3      | Reached skill level 4 in Unarmed Combat
  5622 | D:3      | Reached XP level 6. HP: 22/48 MP: 8/15
  6789 | D:4      | Got a heavy robe
  6790 | D:4      | Identified the -4 robe of Poats {+Blink +Fly Stlth++} (You found it on level 4 of the Dungeon)
  6887 | D:4      | Reached skill level 5 in Unarmed Combat
  6887 | D:4      | Reached XP level 7. HP: 32/53 MP: 16/18
  7031 | D:4      | Found a staircase to the Ecumenical Temple.
  7398 | D:5      | Entered Level 5 of the Dungeon
  7788 | D:5      | Noticed Edmund
  7833 | D:5      | Killed from afar by Edmund

Action                   |  1- 3 |  4- 6 |  7- 9 || total
-------------------------+-------+-------+-------++-------
Melee: Unarmed           |    54 |   295 |    47 ||   396
       Short sword       |   116 |       |       ||   116
 Cast: Beastly Appendage |    27 |    33 |     2 ||    62
       Sticks to Snakes  |     6 |       |       ||     6
       Spider Form       |       |     9 |     5 ||    14
  Use: Scroll            |     2 |     4 |     1 ||     7
       Potion            |       |     4 |       ||     4
 Stab: Sleeping          |     1 |       |       ||     1
